 Dungeon Crawl Stone Soup version 0.21.1-1-g345015f (webtiles) character file.

39 smiqu the Covered (level 3, -2/28 HPs)
             Began as a Gnoll Wanderer on July 19, 2018.
             Slain by an orc
             ... wielding a +0 mace
              (5 damage)
             ... on level 4 of the Dungeon.
             The game lasted 00:03:42 (1050 turns).

smiqu the Covered (Gnoll Wanderer)                  Turns: 1050, Time: 00:03:43

Health: -2/28      AC:  7    Str: 16 (17) XL:     3   Next: 47%
Magic:  7/7        EV: 10    Int:  8 (11) God:
Gold:   22         SH:  0    Dex: 15 (18) Spells: 6/7 levels left

rFire    . . .     SeeInvis .   r - +1 whip (freeze)
rCold    . . .     Gourm    .   (no shield)
rNeg     . . .     Faith    .   c - +0 ring mail
rPois    .         Spirit   .   n - +1 hat
rElec    .         Reflect  .   (no cloak)
rCorr    .         Harm     .   (no gloves)
MR       +....                  (no boots)
Stlth    +.........             (no amulet)
HPRegen  0.09/turn              (no ring)
MPRegen  0.10/turn              (no ring)

@: mighty, flying, hasted, very quick
A: distributed training, fangs 1, blurry vision 1, dopey 1, magic resistance 1,
mutation resistance 1, strong nose
a: no special abilities


You were on level 4 of the Dungeon.
You were hungry.

You visited 1 branch of the dungeon, and saw 4 of its levels.

You collected 22 gold pieces.

Inventory:

Hand Weapons
 k - a +0 hand axe
 r - a +1 whip of freezing (weapon)
Armour
 c - a +0 ring mail (worn)
 n - a +1 hat (worn)
Scrolls
 d - 2 scrolls of identify {unknown}
 h - 2 scrolls of remove curse {unknown}
 j - a scroll of enchant weapon {unknown}
 m - a scroll of teleportation {unknown}
 o - a scroll of immolation {unknown}
Books
 a - a book of Battle

   Spells                             Type                      Level
   a - Infusion                       Charms                       1
   b - Shroud of Golubria             Charms/Translocation         2
   c - Song of Slaying                Charms                       2
   d - Spectral Weapon                Hexes/Charms                 3
   e - Regeneration                   Charms/Necromancy            3
 b - the Tome of the Birds

   Spells                             Type                      Level
   a - Shock                          Conjuration/Air              1
   b - Static Discharge               Conjuration/Air              3
Comestibles
 f - 4 rations


   Skills:
 + Level 2.6 Fighting
 + Level 0.8 Short Blades
 + Level 0.8 Long Blades
 + Level 2.6 Axes
 + Level 0.8 Maces & Flails
 + Level 0.8 Polearms
 + Level 0.8 Staves
 + Level 0.8 Slings
 + Level 0.8 Bows
 + Level 0.8 Crossbows
 + Level 0.8 Throwing
 + Level 6.5 Armour
 + Level 0.8 Dodging
 + Level 0.8 Stealth
 + Level 4.5 Shields
 + Level 0.8 Unarmed Combat
 + Level 2.8 Spellcasting
 + Level 0.5 Conjurations
 + Level 0.5 Hexes
 + Level 3.7 Charms
 + Level 0.5 Summonings
 + Level 0.5 Necromancy
 + Level 0.5 Translocations
 + Level 0.5 Transmutations
 + Level 0.5 Fire Magic
 + Level 0.5 Ice Magic
 + Level 0.5 Air Magic
 + Level 0.5 Earth Magic
 + Level 0.5 Poison Magic
 + Level 1.0 Invocations
 + Level 0.8 Evocations


You had 6 spell levels left.
You knew the following spells:

 Your Spells              Type           Power        Failure   Level  Hunger
a - Infusion              Chrm           #...         12%         1    ##.....


Dungeon Overview and Level Annotations

Branches:
Dungeon (4/15)
 Temple: D:4-7

Altars:


Innate Abilities, Weirdness & Mutations

Your experience applies equally to all skills.
You have very sharp teeth.
Your uncanny sense of smell can sniff out nearby items.
Scrolls take you a little longer to read.
You are dopey. (Int -2)
You are resistant to hostile enchantments. (MR+)
You are somewhat resistant to further mutation.


Message History

The orc barely misses you. The leopard gecko barely misses you.
The orc hits you with a mace.
You closely miss the orc. The leopard gecko bites you.
* * * LOW HITPOINT WARNING * * *
The orc hits you but does no damage. x2
It was a potion of flight.
You feel very buoyant.
You fly up into the air.
The orc barely misses you. The leopard gecko barely misses you.
The orc hits you but does no damage.
It was a potion of mutation.
You feel extremely strange.
Your vision blurs.
You feel resistant to hostile enchantments.
You feel stupid.
You feel genetically stable. The orc closely misses you.
The leopard gecko barely misses you. The orc hits you with a mace.
* * * LOW HITPOINT WARNING * * *
The orc hits you but does no damage.
It was a potion of haste.
You feel yourself speed up. The leopard gecko barely misses you.
The orc hits you with a mace.
You die...

∆ ∆ ####.
##+#......
#.@l# #.ooo.#
#.......#
.......$..#
............+
###.........#
##.......##
##.....##


You could see 3 orcs and a leopard gecko.

Vanquished Creatures
  An adder (D:2)
  2 dart slugs (D:1)
  A leopard gecko (D:1)
  2 giant cockroaches
  4 hobgoblins
  4 kobolds
  2 bats
  5 frilled lizards
  2 goblins (D:2)
  5 rats
28 creatures vanquished.

Notes
Turn   | Place    | Note
-------+----------+-------------------------------------------
     0 | D:1      | smiqu the Gnoll Wanderer began the quest for the Orb.
     0 | D:1      | smiqu set off with: a book of Battle, the Tome of the Birds, a +0 ring mail, a +0 dagger, a ration
     0 | D:1      | Reached XP level 1. HP: 17/17 MP: 4/4
     0 | D:1      | Identified the Tome of the Birds
     2 | D:1      | Learned a level 1 spell: Infusion
    75 | D:1      | Reached XP level 2. HP: 18/23 MP: 3/5
   645 | D:2      | Reached XP level 3. HP: 24/28 MP: 7/7
  1015 | D:2      | Reached skill level 1 in Invocations
  1017 | D:2      | Noticed an ogre
  1049 | D:4      | Gained mutation: Scrolls take you a little longer to read. [potion of mutation]
  1049 | D:4      | Gained mutation: You are resistant to hostile enchantments. (MR+) [potion of mutation]
  1049 | D:4      | Gained mutation: You are dopey. (Int -2) [potion of mutation]
  1049 | D:4      | Gained mutation: You are somewhat resistant to further mutation. [potion of mutation]
  1050 | D:4      | Slain by an orc

Skill      XL: |  1  2  3 |
---------------+----------+-----
Invocations    | 1 |  1.0
Fighting       | |  2.6
Short Blades   | |  0.8
Long Blades    | |  0.8
Axes           | |  2.6
Maces & Flails | |  0.8
Polearms       | |  0.8
Staves         | |  0.8
Slings         | |  0.8
Bows           | |  0.8
Crossbows      | |  0.8
Throwing       | |  0.8
Armour         | |  6.5
Dodging        | |  0.8
Stealth        | |  0.8
Shields        | |  4.5
Unarmed Combat | |  0.8
Spellcasting   | |  2.8
Conjurations   | |  0.5
Hexes          | |  0.5
Charms         | |  3.7
Summonings     | |  0.5
Necromancy     | |  0.5
Translocations | |  0.5
Transmutations | |  0.5
Fire Magic     | |  0.5
Ice Magic      | |  0.5
Air Magic      | |  0.5
Earth Magic    | |  0.5
Poison Magic   | |  0.5
Evocations     | |  0.8

Action                   || total
-------------------------++-------
Melee: Dagger            ||    81
       Bite              ||    16
       Hand axe          ||    29
       Whip              ||     1
 Cast: Infusion          ||     2
  Use: Potion            ||     6
 Stab: Sleeping          ||     1
Armor: Ring mail         ||    64
Dodge: Dodged            ||    64
